 Dungeon Crawl Stone Soup version 0.29-a0-317-gd16b76e6b1 (webtiles) character file.

Game seed: 15970952043005198194

8 Dabor the Vexing (level 2, -8/28 HPs)
             Began as an Ogre Arcane Marksman on Mar 31, 2022.
             Mangled by a worm (10 damage)
             ... on level 2 of the Dungeon.
             The game lasted 00:01:00 (358 turns).

Dabor the Vexing (Ogre Arcane Marksman)              Turns: 358, Time: 00:01:01

Health: -8/28      AC:  4    Str: 13    XL:     2   Next: 8%
Magic:  4/4        EV:  9    Int: 14    God:
Gold:   21         SH:  0    Dex:  9    Spells: 2/3 levels left

rFire   . . .      SeeInvis .   a - +0 hunting sling
rCold   . . .      Faith    .   (no shield)
rNeg    . . .      Spirit   .   b - +0 robe
rPois   .          Reflect  .   (helmet restricted)
rElec   .          Harm     .   f - +0 cloak
rCorr   .          Rampage  .   (gloves unavailable)
Will    .....                   (boots unavailable)
Stlth   +.........              (no amulet)
HPRegen 0.09/turn               (no ring)
MPRegen 0.09/turn               (no ring)

@: no status effects
A: large, unfitting armour, tough skin 1
a: no special abilities


You were on level 2 of the Dungeon.
You visited 1 branch of the dungeon, and saw 2 of its levels.

You collected 21 gold pieces.

Inventory:

Hand Weapons
 a - a +0 hunting sling (weapon)
Armour
 b - a +0 robe (worn)
 f - a +0 cloak (worn)
Scrolls
 c - a scroll of vulnerability
 d - a scroll of noise {unknown}
 e - a scroll of enchant armour {unknown}


   Skills:
 + Level 1.7 Fighting
 + Level 1.5 Slings
 + Level 1.9 Dodging
 + Level 1.4 Spellcasting
 + Level 2.8 Hexes


You had 2 spell levels left.
You knew the following spells:

 Your Spells              Type           Power      Damage    Failure   Level
a - Slow                  Hex            32%        N/A       8%          1

Your spell library contained the following spells:

 Spells                   Type           Power      Damage    Failure   Level
 Inner Flame              Hex/Fire       4%         N/A       38%         3
 Portal Projectile        Hex/Tloc       8%         N/A       38%         3
 Cause Fear               Hex            4%         N/A       61%         4


Dungeon Overview and Level Annotations

Branches:
Dungeon (2/15)

Altars:


Innate Abilities, Weirdness & Mutations

You are too large for most types of armour.
You have tough skin. (AC +1)


Message History

[Y]es or [N]o only, please.
Really attack while wielding your +0 hunting sling? [Y]es or [N]o only, please.
Really attack while wielding your +0 hunting sling? [Y]es or [N]o only, please.
Really attack while wielding your +0 hunting sling? [Y]es or [N]o only, please.
Really attack while wielding your +0 hunting sling? [Y]es or [N]o only, please.
Really attack while wielding your +0 hunting sling? [Y]es or [N]o only, please.
Really attack while wielding your +0 hunting sling? [Y]es or [N]o only, please.
Really attack while wielding your +0 hunting sling?
You clumsily bash the worm but do no damage.
The worm is moderately wounded.
You clumsily bash the worm but do no damage.
The worm is moderately wounded.
The worm barely misses you.
A worm is nearby!
You barely miss the worm.
The worm is moderately wounded.
The worm bites you!
* * * LOW HITPOINT WARNING * * *
A worm is nearby!
You clumsily bash the worm but do no damage.
The worm is moderately wounded.
The worm closely misses you.
A worm is nearby!
You barely miss the worm.
The worm is lightly wounded.
The worm bites you but does no damage.
A worm is nearby!
You clumsily bash the worm but do no damage.
The worm is lightly wounded.
A worm is nearby!
You clumsily bash the worm but do no damage.
The worm is lightly wounded.
The worm bites you!
You die...

###### #..... # #####
#.###. .#
#.#.######...####.# #.
.#
#....@w...........###.
.#
#..............#######..
.# #.###.#####...## #..
[# #. ####...########..
.# # #................
†# #....#..†######†. .#
.# #............##.. .#
.. #..>##.#.###.##.. .#
#.# #...##.#.# #.##..


You could see a worm.

Vanquished Creatures
  2 bats (D:1)
  A giant cockroach (D:1)
  2 quokkas (D:2)
  2 rats (D:2)
7 creatures vanquished.

Notes
Turn   | Place    | Note
-------+----------+-------------------------------------------
     0 | D:1      | Dabor the Ogre Arcane Marksman began the quest for the Orb.
     0 | D:1      | Reached XP level 1. HP: 19/19 MP: 2/2
   269 | D:2      | Reached XP level 2. HP: 26/28 MP: 4/4
   354 | D:2      | HP: 1/28 [worm (9)]
   358 | D:2      | Mangled by a worm

Illustrated notes

Levels and vault maps discovered:
D:1:      dpeg_arrival_stone_temple_mockup, layout_basic,
          chequers_ecumenical_altar_island, serial_shops, nicolae_diamond_shop,
          minmay_tromino_i2
D:2:      layout_loops_ring

Action                   || total
-------------------------++-------
Melee: Hunting sling     ||     7
 Fire: Hunting sling     ||    34
 Cast: Slow              ||     2
Armor: Robe              ||    17
Dodge: Dodged            ||    32

Table legend: (Time is in decaauts)
 A = Elapsed time spent in this place.
 B = Non-inter-level travel time spent in this place.
 C = Inter-level travel time spent in this place.
 D = Time resting spent in this place.
 E = Time spent auto-exploring this place.
 F = Levels seen in this place.
 G = Mean time per level.
                   A        B        C        D        E       F      G
               +--------+--------+--------+--------+--------+-----+--------+
         Total |    374 |    357 |     17 |      0 |    260 |   2 |  187.0 |
       Dungeon |    374 |    357 |     17 |      0 |    260 |   2 |  187.0 |
               +--------+--------+--------+--------+--------+-----+--------+

Top non-repeatable levels by time:
     D:2: 288 daAuts
     D:1: 86 daAuts
